 Dungeon Crawl Stone Soup version 0.19.0-2-gae57169 (webtiles) character file.

292 equalderp2856 the Scratcher (level 6, -5/28 HPs)
             Began as a Felid Fighter on Nov 6, 2016.
             Killed from afar by an orc wizard (8 damage)
             ... with a magic dart
             ... on level 4 of the Dungeon.
             The game lasted 00:20:30 (4630 turns).

equalderp2856 the Scratcher (Felid Fighter)         Turns: 4630, Time: 00:20:33

Health: -5/28      AC:  2    Str: 14    XL:     6   Next: 10%
Magic:  7/7        EV: 21    Int:  9    God:
Gold:   242        SH:  0    Dex: 16    Spells: 0 memorised, 5 levels left
                                        Lives:  0   Deaths: 1

rFire  . . .     SeeInvis +       - Unarmed
rCold  . . .     Gourm    .     (armour unavailable)
rNeg   . . .     Faith    .     (shield unavailable)
rPois  .         Spirit   .     (helmet unavailable)
rElec  .         Reflect  .     (cloak unavailable)
rCorr  .         Harm     .     (gloves unavailable)
MR     .....                    (boots unavailable)
Stlth  +++.......               (no amulet)
                                (no ring)
                                (no ring)

@: about to teleport, quick
A: no armour, no weapons or thrown items, stealth, claws 1, fangs 3, see
invisible, carnivore 3, speed 1, shaggy fur 2, slow metabolism 1, sharp paws
a: no special abilities


You were on level 4 of the Dungeon.
You were not hungry.

You visited 1 branch of the dungeon, and saw 5 of its levels.

You collected 242 gold pieces.

Inventory:

Hand Weapons
 o - a +0 dagger of speed
 q - a +0 rapier
 r - a +1 short sword of speed
 B - a +2 dagger of speed
Missiles
 h - 77 stones
 l - 48 arrows
 n - 27 bolts
 w - 8 needles of paralysis
 A - 16 poisoned needles
 C - 8 sling bullets
 E - 8 needles of sleeping
Armour
 k - a +2 hat
 m - a +0 cloak
 D - a +2 robe of cold resistance
Jewellery
 v - an uncursed amulet of regeneration
Wands
 y - a wand of slowing (22/48)
Scrolls
 e - 3 scrolls of identify
 j - 2 scrolls of enchant armour
 x - 2 scrolls of magic mapping
 z - a scroll of enchant weapon {unknown}
Potions
 a - 2 potions of might
 g - 2 potions of lignification {unknown}
 s - a potion of flight {unknown}
 t - a potion of resistance {unknown}
 u - 2 potions of degeneration {unknown}
Comestibles
 b - a meat ration
 i - 3 bread rations
 p - 6 fruits


   Skills:
 + Level 3.5 Fighting
 + Level 5.3 Dodging
 + Level 3.0 Stealth
 + Level 6.7 Unarmed Combat


You had 5 spell levels left.
You didn't know any spells.

Dungeon Overview and Level Annotations

Branches:
Dungeon (5/15)
 Temple: D:4-7

Altars:
Nemelex Xobeh
Zin
The Shining One

Annotations:
D:3 azzavlup's ghost, amateur MfSk


Innate Abilities, Weirdness & Mutations

You cannot wear armour.
You are incapable of wielding weapons or throwing items.
Your paws allow you to move quietly. (Stealth)
You have sharp claws.
You have razor-sharp teeth.
You have supernaturally acute eyesight. (SInv)
You are carnivorous and can eat meat at any time.
You cover ground quickly.
You are covered in thick fur. (AC +2)
You have a slow metabolism.
Your sharp claws are effective at attacking unaware monsters.


Message History

Unknown command.
Unknown command.
Unknown command.
Unknown command.
Unknown command.
You drop a scroll labeled OMIMEWKICW.
The orc wizard barely misses you. The orc misses you.
The orc wizard closely misses you.
Unknown command.
As you read the scroll labeled AKESIT DANUCUH, it crumbles to dust.
You feel strangely unstable.
It was a scroll of teleportation.
The orc wizard misses you. The orc misses you.
Unknown command.
Unknown command.
As you read the scroll labeled KIESUL XUVYN, it crumbles to dust.
You hear a crunching sound.
It was a scroll of random uselessness.
The orc wizard hits you with a dagger.
* * * LOW HITPOINT WARNING * * *
The orc wizard points at you and mumbles some strange words.
The magic dart hits you!
You die...

.###.......>.o....#....,...#
......####.######.#........#***
.......)...# #.#.#.......,,***
####.####### #.#.#,,,,,,,,,,,,
# #.# ##.#.#,,,,,,,,,*** #
#.####### #..#.#***,,,**** #
#.......##*##s.#o# *,,,* #
#######.##≈##o##.# *,,,*
#.#P..#@#*.# *****
####.##P##o##o# #....##*##oo.o#
#######.#### ###### ........#
#########


You could see a scorpion, an orc wizard and 3 orcs.

Vanquished Creatures
  An ogre (D:4)
  A crimson imp (D:4)
  An orc priest (D:4)
  2 orc wizards (D:4)
  6 adders
  3 gnolls (D:3)
  An ooze (D:2)
  An adder skeleton (D:4)
  3 leopard geckos
  5 orcs
  9 bats
  7 giant cockroaches
  9 goblins
  2 hobgoblins
  7 jackals
  9 kobolds
  A quokka (D:4)
  5 frilled lizards
  2 goblin zombies (D:4)
  4 hobgoblin zombies (D:4)
  A kobold skeleton (D:4)
  3 kobold zombies (D:4)
  5 orc zombies (D:4)
  8 rats
96 creatures vanquished.

Vanquished Creatures (others)
  2 fungi (D:4)
2 creatures vanquished.

Grand Total: 98 creatures vanquished

Notes
Turn   | Place    | Note
-------+----------+-------------------------------------------
     0 | D:1      | equalderp2856 the Felid Fighter began the quest for the Orb.
     0 | D:1      | Reached XP level 1. HP: 10/10 MP: 2/2
   205 | D:1      | Reached XP level 2. HP: 4/14 MP: 3/3
  1300 | D:2      | Reached XP level 3. HP: 12/17 MP: 4/4
  1430 | D:2      | Found a faded altar of an unknown god.
  1583 | D:2      | Reached skill level 5 in Unarmed Combat
  1585 | D:2      | Reached XP level 4. HP: 8/21 MP: 5/5
  1611 | D:2      | HP: 1/21 [poisoned by an adder]
  2192 | D:3      | Found a sparkling altar of Nemelex Xobeh.
  2599 | D:3      | Noticed azzavlup's ghost (amateur MfSk)
  2773 | D:2      | Reached skill level 1 in Stealth
  3044 | D:3      | Found a glowing silver altar of Zin.
  3407 | D:4      | Reached XP level 5. HP: 19/24 MP: 6/6
  3444 | D:4      | You fall through a shaft!
  3444 | D:5      | Entered Level 5 of the Dungeon
  3502 | D:5      | Noticed an ogre
  3587 | D:4      | Found a glowing golden altar of the Shining One.
  3663 | D:4      | Reached skill level 5 in Dodging
  3923 | D:4      | Slain by an orc priest
  3924 | D:4      | Reached XP level 4. HP: -3/21 MP: 5/5
  4137 | D:4      | Reached skill level 6 in Unarmed Combat
  4137 | D:4      | Reached XP level 5. HP: 3/24 MP: 6/6
  4533 | D:4      | Noticed an ogre
  4544 | D:4      | Killed an ogre
  4596 | D:4      | Gained mutation: You are covered in thick fur. (AC +2) [Felid growth]
  4596 | D:4      | Reached XP level 6. HP: 10/28 MP: 7/7
  4630 | D:4      | Killed from afar by an orc wizard

Skill      XL: |  1  2  3  4  5 |
---------------+----------------+-----
Unarmed Combat | 5 6 |  6.7
Stealth        | 1 3 |  3.0
Dodging        | 5 |  5.3
Fighting       | |  3.5

Action                   |  1- 3 |  4- 6 || total
-------------------------+-------+-------++-------
Melee: Unarmed           |    86 |   167 ||   253
       Bite              |     7 |    10 ||    17
       Punch             |     3 |     1 ||     4
Evoke: Wand              |       |     1 ||     1
  Use: Scroll            |       |     5 ||     5
 Stab: Sleeping          |       |     3 ||     3
       Distracted        |       |     1 ||     1
  Eat: Chunk             |     2 |     9 ||    11
Armor: Skin              |     8 |     7 ||    15
Dodge: Dodged            |    81 |   141 ||   222
